 Dungeon Crawl Stone Soup version 0.29.1-1-gd02db6906a (webtiles) character file.

Game seed: 17395768064188461762

118482 raph the Fencer (level 16, -7/150 HPs)
             Began as a Minotaur Berserker on Oct 10, 2022.
             Was a High Priest of Trog.
             Mangled by an alligator (21 damage)
             ... called by a spriggan druid
             ... on level 1 of the Swamp.
             The game lasted 00:45:06 (36145 turns).

raph the Fencer (Minotaur Berserker)               Turns: 36145, Time: 00:45:07

Health: -7/150     AC: 33    Str: 23    XL:     16   Next: 25%
Magic:  15/15      EV: 18    Int:  4    God:    Trog [*****.]
Gold:   336        SH:  5    Dex: 17    Spells: 15/15 levels left

rFire   . . .      SeeInvis .   b - +4 scimitar (flame)
rCold   . . .      Faith    .   (no shield)
rNeg    . . .      Spirit   .   U - +5 plate armour "Udghoted" {Regen+}
rPois   +          Reflect  +   (helmet restricted)
rElec   .          Harm     .   o - +2 cloak
rCorr   .          Rampage  .   K - +2 pair of gloves
Will    +....                   Y - +2 pair of boots {Stlth+}
Stlth   ..........              H - amulet of reflection
HPRegen 1.15/turn               O - ring of poison resistance
MPRegen 0.14/turn               t - +4 ring of evasion

@: no status effects
A: horns 2, retaliatory headbutt
a: Renounce Religion, Berserk, Trog's Hand, Brothers in Arms


You were on level 1 of the Swamp.
You worshipped Trog.
Trog was extremely pleased with you.
You visited 4 branches of the dungeon, and saw 24 of its levels.

You collected 2650 gold pieces.
You spent 2314 gold pieces at shops.

Inventory:

Hand Weapons
 a - the +6 triple sword of Infinity {vorpal, Fly rElec}
   (Trog gifted it to you on level 1 of the Swamp)

   It inflicts extra damage upon your enemies.
   rElec:     It insulates you from electricity.
   Fly:       It grants you flight.
 b - a +4 scimitar of flaming (weapon)
 f - a +5 antimagic triple sword
 w - a +0 longbow
 W - a +1 great sword of freezing
Missiles
 k - 7 boomerangs of dispersal
 p - 38 poisoned darts (quivered)
 q - 30 boomerangs
 v - 4 throwing nets
 R - 7 javelins
Armour
 o - a +2 cloak (worn)
 K - a +2 pair of gloves (worn)
 U - the +5 plate armour "Udghoted" (worn) {Regen+}
   (You bought it in a shop on level 2 of the Orcish Mines)

   Regen:     It increases your rate of health regeneration.
 Y - a +2 pair of boots of stealth (worn)
Jewellery
 e - a +6 ring of strength
 t - a +4 ring of evasion (right hand)
 y - a ring of protection from fire
 D - a ring of protection from cold
 H - an amulet of reflection (around neck)
 I - a ring of protection from cold
 O - a ring of poison resistance (left hand)
 T - a ring of protection from fire
 V - a ring of ice
 Z - a ring of protection from cold
Wands
 n - a wand of polymorph (18)
 s - a wand of paralysis (25)
 x - a wand of digging (7)
 C - a wand of flame (46)
 M - a wand of quicksilver (19)
 P - a wand of mindburst (5)
Scrolls
 c - 24 scrolls of identify
 d - 7 scrolls of teleportation
 h - 4 scrolls of poison
 u - 7 scrolls of magic mapping
 B - a scroll of fear
 G - 4 scrolls of blinking
 L - 2 scrolls of summoning
 N - 2 scrolls of butterflies
 S - 4 scrolls of enchant armour
Potions
 g - 11 potions of curing
 i - 4 potions of cancellation
 j - 6 potions of might
 r - 3 potions of heal wounds
 z - 3 potions of flight
 A - 3 potions of attraction
 E - a potion of haste
 Q - a potion of invisibility
Miscellaneous
 m - a condenser vane
 J - a phantom mirror
 X - a lightning rod (4/4)


   Skills:
 + Level 15.6 Fighting
 * Level 20.4 Long Blades
 - Level 5.4 Throwing
 + Level 15.3 Armour
 + Level 14.2 Dodging
 + Level 8.4 Evocations


You had 15 spell levels left.
You didn't know any spells.
Your spell library was empty.

Dungeon Overview and Level Annotations

Branches:
Dungeon (15/15)            Temple (0/1) D:4            Lair (5/5) D:10
  Swamp (2/4) Lair:3       Spider (0/4) Lair:2        Slime (0/5) Lair:4
    Orc (2/2) D:9             Elf (0/3) Orc:2        Vaults (0/5) D:14
 Depths (0/4) D:15

Altars:
Elyvilon
Gozag
Trog
Uskayaw
Vehumet
Zin
Jiyva

Shops:
D:4 =   D:7 *   D:8 (   D:15 !   Orc:2 ([([[

Annotations:
D:6 1 runed translucent door, dunno567's ghost, novice MiHu
D:8 3 runed translucent doors, Subbak's ghost, novice DEAM
Lair:4 3 runed translucent doors, MisterFreud's ghost, journeyman FeBe; Zaegoraum's ghost, journeyman DsAK


Innate Abilities, Weirdness & Mutations

You have a pair of horns on your head.
You reflexively headbutt those who attack you in melee.


Message History

The flame cauterises the wound!
You slice the five-headed hydra!! You burn the five-headed hydra.
The five-headed hydra is heavily wounded.
You block the alligator's attack.
The alligator tail-slaps you but does no damage.
The tyrant leech bites you.
The tyrant leech draws strength from your injuries!
The five-headed hydra barely misses you.
You furiously retaliate!
You headbutt the five-headed hydra, but do no damage.
The five-headed hydra bites you! x2
The five-headed hydra bites you but does no damage.
The five-headed hydra barely misses you.
You slice one of the five-headed hydra's heads off!
The flame cauterises the wound!
You hit the four-headed hydra. You burn the four-headed hydra.
The four-headed hydra is severely wounded.
The alligator bites you!!
* * * LOW HITPOINT WARNING * * *
The alligator closely misses you.
You chop one of the four-headed hydra's heads off!
The flame cauterises the wound!
You slash the three-headed hydra! You burn the three-headed hydra.
The three-headed hydra is almost dead.
You block the three-headed hydra's attack.
The three-headed hydra bites you but does no damage.
The three-headed hydra closely misses you.
The tyrant leech bites you!
* * * LOW HITPOINT WARNING * * *
The tyrant leech draws strength from your injuries!
The alligator closely misses you. You furiously retaliate!
You headbutt the alligator. The alligator tail-slaps you!
* * * LOW HITPOINT WARNING * * *
You chop one of the three-headed hydra's heads off!
The flame cauterises the wound!
You slash the two-headed hydra! You burn the two-headed hydra.
You kill the two-headed hydra!
Trog accepts your kill. The alligator bites you!!
You die...

...♣♣♣♣.~♣..~♣~♣♣♣♣ ♣~~~~~~~
..♣♣♣....~........♣♣♣ ♣~~~~.[.
..~♣.~~~..§~~~~~~~..♣♣♣ ♣♣.§~~.~
.....~~~.~~§~~~~§~~~.~♣♣♣♣♣.~~~.~
..~......~~~~~~~~~~~.♣♣~~~♣.~~~.♣
..~~...~~~~~~§~~~~.~~♣♣♣~.....~♣♣
..~~~..~~~~~§~~§~..♣♣♣~~~~....~^~
....~~~~§~~~~~~t[~.♣ ♣.~~..~~....
....~~§~~~~~~§~~@).♣ ♣.~~~..~~...
♣♣.~~~~~§~~....w♣♣♣♣ ♣.~~~.~.†..~
.........~~......~♣ ♣♣♣♣♣♣...~(.
~..~~~.~♣♣~..§♣^~.♣♣ ♣♣~.~..
.......~♣♣♣........♣♣♣ ♣♣♣~~~
♣♣♣~~♣♣♣♣~..~........♣♣♣ ♣§.~ ♣
♣...~~..~~~~~.~.~~~.~♣♣ ♣♣.~
♣♣.~~..~~~§~~~...~~~~.~♣♣♣♣ ♣..
♣!~~...~~~~§~~..~~~§~~....♣♣ ♣♣♣


You could see an alligator (strong, swift) and a tyrant leech (strong).

Vanquished Creatures
  Jorgrun (D:14)
  Rupert (D:13)
  An orc warlord (Orc:2)
  Louise (D:14)
  Azrael (D:14)
  Snorg (D:12)
  A fire dragon (D:14)
  Fannar (D:11)
  7 hydras
  4 boulder beetles
  2 catoblepae (Lair:5)
  12 centaur warriors
  4 two-headed ogres
  12 death yaks
  5 tengu warriors (D:14)
  2 orc high priests (Orc:2)
  A deep troll shaman (Lair:5)
  Amaemon (D:10)
  Lodul (D:13)
  Urug (Orc:2)
  6 skeletal warriors
  A fire crab (D:14)
  A spark wasp zombie (D:15)
  A goliath frog (Swamp:1)
  2 spriggan druids (Swamp:1)
  Pikel (D:6)
  A flayed ghost (D:15)
  A wizard (D:14)
  7 bog bodies
  A golden dragon skeleton (D:15)
  A harpy (shapeshifter) (D:14)
  4 deep elf pyromancers (D:14)
  7 orc knights
  A lindwurm (Lair:5)
  A wolf spider (D:14)
  A necromancer (D:15)
  17 ugly things
  5 manticores
  An orc sorcerer (Orc:2)
  6 slime creatures
  A faun (shapeshifter) (D:14)
  10 elephants
  4 cyclopes
  5 black mambas
  Joseph (D:7)
  A gargoyle (D:12)
  An orange demon (D:10)
  6 cane toads
  2 unseen horrors
  2 torpor snails
  5 rime drakes
  Maggie (D:6)
  2 freezing wraiths (D:15)
  8 komodo dragons
  2 efreet
  3 kobold demonologists
  A tengu conjurer (D:15)
  A meliai (D:14)
  5 polar bears
  5 trolls
  8 hornets
  A spriggan zombie (D:15)
  13 blink frogs
  Prince Ribbit (D:7)
  7 dream sheep (Lair:5)
  A tyrant leech (Swamp:1)
  3 jumping spiders (Lair:2)
  A wraith (D:13)
  3 shadows
  10 wyverns
  A spriggan skeleton (D:15)
  8 spriggans
  4 fire elementals
  21 humans
  5 basilisks
  2 steam dragons (D:9)
  30 yaks
  A redback (Lair:2)
  10 vampire mosquitoes
  Menkaure (D:7)
  5 swamp worms
  3 wargs
  13 water moccasins
  A hell hound (D:14)
  2 acid dragons
  41 orc warriors
  2 swamp drakes (Swamp:1)
  A black bear (D:7)
  An ice beast (D:6)
  16 ogres
  2 sky beasts
  8 centaurs
  13 wolves
  2 boggarts
  A phantom (D:7)
  A kobold brigand (D:9)
  14 bullfrogs
  2 gnoll sergeants
  4 scorpions
  5 wights (D:8)
  A hornet simulacrum (D:15)
  6 killer bees (D:8)
  8 electric eels
  A howler monkey (D:6)
  5 hounds
  19 jellies
  16 orc priests
  Crazy Yiuf (D:3)
  2 gnoll boudas (D:8)
  Ijyb (D:3)
  4 iguanas
  9 hell rats
  17 orc wizards
  7 adders
  21 gnolls
  3 ufetubi
  4 worms
  88 orcs
  7 endoplasms
  2 giant cockroaches
  5 goblins
  7 hobgoblins
  13 jackals
  13 kobolds
  2 quokkas
  2 ball pythons (D:1)
  2 bats (D:1)
  3 frilled lizards
  9 rats
  A bush (Lair:5)
739 creatures vanquished.

Vanquished Creatures (collateral kills)
  An orc warrior (Orc:2)
  An orc (Orc:2)
2 creatures vanquished.

Vanquished Creatures (others)
  A deep elf pyromancer (D:14)
  2 manticores (D:14)
  2 tengu conjurers (D:14)
  A bloated husk (Swamp:1)
  A slime creature (D:14)
  A spriggan (Swamp:1)
  A vampire mosquito (D:14)
  A gnoll (D:10)
  4 bushes (D:10)
  5 foxfires (Swamp:2)
  22 fungi
  91 plants
  3 toadstools (D:1)
  8 withered plants
143 creatures vanquished.

Grand Total: 884 creatures vanquished

Notes
Turn   | Place    | Note
-------+----------+-------------------------------------------
     0 | D:1      | raph the Minotaur Berserker began the quest for the Orb.
     0 | D:1      | Reached XP level 1. HP: 19/19 MP: 0/0
   254 | D:1      | Reached skill level 4 in Long Blades
   254 | D:1      | Reached XP level 2. HP: 27/27 MP: 1/1
   567 | D:1      | Reached XP level 3. HP: 33/33 MP: 2/2
   900 | D:1      | Reached ** piety under Trog
   936 | D:1      | Found a faded altar of an unknown god.
  1416 | D:2      | Reached XP level 4. HP: 36/40 MP: 3/3
  2088 | D:3      | Reached skill level 5 in Long Blades
  2324 | D:3      | Identified the +2 spear of Grandeur {spect, rF+}
  2563 | D:3      | Found a white marble altar of Elyvilon.
  2581 | D:3      | Noticed Ijyb
  2588 | D:3      | Killed Ijyb
  2589 | D:3      | Reached XP level 5. HP: 47/47 MP: 4/4
  2993 | D:3      | Found a runed translucent door.
  2994 | D:3      | Noticed Crazy Yiuf
  3000 | D:3      | Killed Crazy Yiuf
  3610 | D:4      | Found a staircase to the Ecumenical Temple.
  3645 | D:4      | Found Leczariq's Jewellery Shoppe.
  3977 | D:4      | Reached XP level 6. HP: 53/55 MP: 5/5
  4335 | D:4      | Reached skill level 5 in Fighting
  4335 | D:4      | Reached skill level 6 in Long Blades
  4582 | D:5      | Entered Level 5 of the Dungeon
  5065 | D:5      | Noticed a water moccasin
  5073 | D:5      | Killed a water moccasin
  5074 | D:5      | Reached XP level 7. HP: 61/61 MP: 6/6
  5340 | D:5      | Reached skill level 7 in Long Blades
  5453 | D:5      | Reached skill level 5 in Armour
  5720 | D:6      | Reached *** piety under Trog
  5805 | D:6      | Noticed Pikel
  5856 | D:6      | Killed Pikel
  5857 | D:6      | Reached skill level 8 in Long Blades
  5857 | D:6      | Reached skill level 5 in Dodging
  5857 | D:6      | Reached XP level 8. HP: 71/71 MP: 7/7
  5862 | D:6      | Reached skill level 9 in Long Blades
  5970 | D:6      | Noticed Maggie
  5981 | D:6      | Killed Maggie
  6302 | D:6      | Reached XP level 9. HP: 57/79 MP: 8/8
  7020 | D:6      | Found a runed translucent door.
  7081 | D:6      | Noticed dunno567's ghost (novice MiHu)
  7130 | D:7      | Noticed Prince Ribbit
  7137 | D:7      | Killed Prince Ribbit
  7138 | D:7      | Reached skill level 10 in Long Blades
  7428 | D:7      | Found Xoleoss's Gadget Gallery.
  7560 | D:7      | Noticed Menkaure
  7565 | D:7      | Killed Menkaure
  8083 | D:7      | Noticed Joseph
  8096 | D:7      | Killed Joseph
  8097 | D:7      | Reached skill level 11 in Long Blades
  8713 | D:8      | Found Ofabes's Weapon Emporium.
  8741 | D:8      | Reached XP level 10. HP: 90/90 MP: 9/9
  8916 | D:8      | Identified the +4 mace "Zyopaci" {spect, Fragile rElec
                  | rCorr Dex+7}
  9005 | D:8      | Reached skill level 12 in Long Blades
  9672 | D:8      | Found a runed translucent gate.
  9673 | D:8      | Found a runed translucent gate.
  9673 | D:8      | Found an opulent altar of Gozag.
  9674 | D:8      | Found a runed translucent gate.
  9676 | D:8      | Noticed Subbak's ghost (novice DEAM)
  9867 | D:4      | Bought an amulet of reflection for 420 gold pieces
 10017 | D:8      | Reached **** piety under Trog
 10822 | D:9      | Noticed a two-headed ogre
 10823 | D:9      | Found a staircase to the Orcish Mines.
 11803 | D:9      | Reached skill level 13 in Long Blades
 12008 | D:9      | Killed a two-headed ogre
 12154 | D:9      | Reached XP level 11. HP: 89/99 MP: 10/10
 12438 | D:10     | Entered Level 10 of the Dungeon
 12439 | D:10     | Found a staircase to the Lair.
 12446 | D:9      | Reached skill level 1 in Throwing
 12955 | D:10     | Reached skill level 10 in Fighting
 14581 | D:10     | Noticed Amaemon
 14600 | D:10     | Killed Amaemon
 14601 | D:10     | Reached skill level 14 in Long Blades
 14601 | D:10     | Reached skill level 10 in Armour
 15096 | D:10     | Paralysed by a hornet for 1 turns
 15564 | Lair:1   | Entered Level 1 of the Lair of Beasts
 17521 | Lair:2   | Reached skill level 10 in Dodging
 17534 | Lair:2   | Reached XP level 12. HP: 97/110 MP: 11/11
 17798 | Lair:2   | Noticed a seven-headed hydra
 17810 | Lair:2   | Killed a seven-headed hydra
 17868 | Lair:2   | Reached skill level 5 in Throwing
 18409 | Lair:2   | Found a hole to the Spider Nest.
 19106 | Lair:3   | Noticed a death yak
 19106 | Lair:3   | Noticed a death yak
 19114 | Lair:3   | Killed a death yak
 19119 | Lair:3   | Killed a death yak
 19120 | Lair:3   | Reached skill level 1 in Evocations
 19630 | Lair:3   | Reached skill level 15 in Long Blades
 19858 | Lair:3   | Noticed an eight-headed hydra
 19873 | Lair:3   | Killed a ten-headed hydra
 20209 | Lair:3   | Found a staircase to the Swamp.
 20949 | Lair:4   | Noticed a death yak
 20949 | Lair:4   | Noticed a death yak
 20951 | Lair:4   | Found a runed translucent gate.
 20951 | Lair:4   | Found a runed translucent gate.
 20951 | Lair:4   | Found a runed translucent gate.
 20952 | Lair:4   | Noticed Zaegoraum's ghost (journeyman DsAK)
 20953 | Lair:4   | Noticed MisterFreud's ghost (journeyman FeBe)
 20961 | Lair:4   | Killed a death yak
 20962 | Lair:4   | Reached XP level 13. HP: 119/119 MP: 12/12
 21198 | Lair:4   | Found a staircase to the Slime Pits.
 21199 | Lair:4   | Found a viscous altar of Jiyva.
 21898 | Lair:5   | Entered Level 5 of the Lair of Beasts
 22236 | Lair:4   | Reached skill level 16 in Long Blades
 24269 | Lair:5   | Reached skill level 17 in Long Blades
 24568 | Lair:5   | Reached skill level 5 in Evocations
 24568 | Lair:5   | Reached XP level 14. HP: 114/129 MP: 13/13
 25475 | Orc:1    | Entered Level 1 of the Orcish Mines
 26408 | Orc:2    | Entered Level 2 of the Orcish Mines
 26619 | Orc:2    | Found a staircase to the Elven Halls.
 27202 | Orc:2    | Found Fenyrph's Armour Shoppe.
 27205 | Orc:2    | Noticed Urug
 27219 | Orc:2    | Killed Urug
 27392 | Orc:2    | Bought a +3 chain mail of poison resistance for 376 gold
                  | pieces
 27432 | Orc:2    | Noticed an orc warlord
 27553 | Orc:2    | Reached ***** piety under Trog
 27577 | Orc:2    | Killed an orc warlord
 27650 | Orc:2    | Found Qif Xikk's Antique Armour Shop.
 27653 | Orc:2    | Found Kocuh's Antique Weapon Boutique.
 27660 | Orc:2    | Bought a twisted scimitar for 288 gold pieces
 27660 | Orc:2    | Identified the +3 scimitar of Xajon {drain, rN+} (You
                  | bought it in a shop on level 2 of the Orcish Mines)
 27911 | Orc:2    | Found Nyseof's Armour Shop.
 27918 | Orc:2    | Bought the +5 plate armour "Udghoted" {Regen+} for 660 gold
                  | pieces
 28246 | Orc:2    | Found Ojuceisi's Antique Weapon Shoppe.
 28968 | D:11     | Reached skill level 18 in Long Blades
 29015 | D:11     | Noticed Fannar
 29027 | D:11     | Killed Fannar
 29711 | D:12     | Noticed Snorg
 29727 | D:12     | Killed Snorg
 29727 | D:12     | Received a gift from Trog
 30776 | D:13     | Noticed Lodul
 30797 | D:13     | Killed Lodul
 31458 | D:14     | Noticed Rupert
 31458 | D:14     | Found a gate to the Vaults.
 31467 | D:13     | Reached XP level 15. HP: 139/139 MP: 14/14
 31688 | D:14     | Noticed Louise
 31696 | D:14     | Identified the +2 ring mail of the Singing Gods {rF+ Will-
                  | Int+4 Slay+2}
 31997 | D:7      | Bought a condenser vane for 520 gold pieces
 32188 | D:13     | Killed Rupert
 32191 | D:13     | Reached skill level 19 in Long Blades
 32383 | D:14     | Paralysed by a centaur for 5 turns
 32422 | D:14     | Noticed Azrael
 33076 | D:14     | Received a gift from Trog
 33081 | D:14     | Reached skill level 15 in Fighting
 33084 | D:14     | HP: 10/211 [skeletal warrior/+0 trident (16)]
 33324 | D:14     | Killed Azrael
 33412 | D:14     | Found a hide-covered altar of Uskayaw.
 33412 | D:14     | Found a bloodstained altar of Trog.
 33508 | D:14     | Found a radiant altar of Vehumet.
 33510 | D:14     | Found a glowing silver altar of Zin.
 33802 | D:14     | Killed Louise
 34068 | D:15     | Entered Level 15 of the Dungeon
 34068 | D:15     | Noticed Jorgrun
 34076 | D:15     | Reached skill level 15 in Armour
 34089 | D:14     | Killed Jorgrun
 34124 | D:15     | Reached skill level 20 in Long Blades
 34159 | D:15     | Found a staircase to the Depths.
 34228 | D:15     | Reached XP level 16. HP: 149/149 MP: 5/15
 34506 | D:15     | Found Tafeqaf's Distillery.
 34514 | D:15     | Bought a potion of heal wounds for 50 gold pieces
 34869 | Swamp:1  | Entered Level 1 of the Swamp
 35910 | Swamp:1  | Identified the +6 triple sword of Infinity {vorpal, Fly
                  | rElec} (Trog gifted it to you on level 1 of the Swamp)
 35910 | Swamp:1  | Received a gift from Trog
 36145 | Swamp:1  | Mangled by an alligator

Illustrated notes

Levels and vault maps discovered:
D:1:      ncdulo_watergridlock, layout_basic,
          shapermc_ecumenical_altar_mp_vishouse, serial_bayou_pond_c,
          minmay_gold_behind_fungi
D:2:      layout_basic
D:3:      layout_basic, nicolae_overflow_crystal_walls, uniq_ijyb,
          uniq_crazy_yiuf_cottage
D:4:      layout_loops_corners, minmay_temple_entry_trees, serial_shops,
          nicolae_shop_competitors_out_of_business, grunt_ministairs_1,
          chequers_arboretum
D:5:      layout_cave_pods, minivault_19, minmay_misc_feat_cross,
          dreamdust_mushroom_princess
D:6:      layout_basic, ebering_ghost_sewer_d, minmay_holes, uniq_maggie,
          uniq_pikel
D:7:      layout_gridville, hex_large, nicolae_shop_gadgets, uniq_menkaure,
          uniq_prince_ribbit1, uniq_joseph
D:8:      layout_loops_ring, ebering_ghost_gozag, serial_shops,
          nicolae_shop_bloodbath_and_beyond, minmay_ruffians
D:9:      layout_grid_maze, david_orc_3
D:10:     layout_cave_pods, minmay_lair_entry_grove,
          nicolae_concentric_dashed_squares_wild, serial_bayou_lake_a,
          uniq_amaemon
D:11:     layout_cave_pools, uniq_fannar
D:12:     layout_roguey, uniq_snorg
D:13:     layout_basic, grunt_ministairs_8, uniq_lodul
D:14:     minmay_the_grid_octo_tiled_squarecenter_mashed
          [minmay_the_grid_octo_fat_diamond, minmay_the_grid_octo_shrine,
          minmay_the_grid_octo_77, minmay_the_grid_octo_tetromino_candy,
          minmay_the_grid_square_5x5_megaprize_open,
          minmay_the_grid_square_5x5_checkered_sparse,
          minmay_the_grid_square_5x5_inner_v, minmay_the_grid_square_5x5_empty,
          minmay_the_grid_square_5x5_comb], layout_loops_cross, david_vaults_3,
          chequers_serial_rivers_marsh, kennysheep_kite_vault, uniq_louise,
          uniq_azrael
D:15:     gammafunk_depths_entry_grave, layout_cross, serial_shops,
          nicolae_shop_temple_entry_statues_fountains,
          chequers_serial_rivers_small_3, grunt_decor_cap, uniq_jorgrun,
          uniq_rupert
Lair:1:   layout_cave_pods, serial_bayou_lagoon_b
Lair:2:   layout_concentric_octagons, spider_nest_entry_a,
          nicolae_quartered_pool_medium, minivault_23
Lair:3:   layout_big_grid, nicolae_swamp_entry_splash_gauntlet
Lair:4:   layout_regular_city, minmay_slime_entry_jelly_boxes,
          gammafunk_ghost_cemetery, serial_bayou_pond_e, minivault_26,
          st_stairs_11
Lair:5:   grunt_lair_end_beastmaster, layout_gridlike,
          nicolae_lair_grazing_beasts [nicolae_sub_lair_graze_edge,
          nicolae_sub_lair_graze_edge, nicolae_sub_lair_graze_edge,
          nicolae_sub_lair_graze_edge], serial_bayou_shore_b
Swamp:1:  layout_basic_swamp, evilmike_swamp_ruin_house_5
Swamp:2:  layout_basic_swamp, nicolae_swamp_dense_foliage, swamp_pool4,
          roderic_carrion_pond
Orc:1:    layout_caves, special_room [special_room_orc],
          david_defended_altar_orc
Orc:2:    grunt_orc_community_town_hall, layout_caves,
          grunt_orc_community_big_house_1, grunt_orc_community_big_house_2,
          grunt_orc_community_house_1, grunt_orc_community_house_3,
          grunt_orc_community_house_3, grunt_orc_community_house_1,
          grunt_orc_community_house_3, grunt_orc_community_house_1,
          serial_shops, shop, uniq_urug

Skill      XL: |  1  2  3  4  5  6  7  8  9 10 11 12 13 14 15 16 |
---------------+-------------------------------------------------+-----
Long Blades    | 4 5 6 8 9 11 13 14 15 17 18 20 | 20.4
Fighting       | 4 5 6 7 8 9 11 12 13 14 15 | 15.6
Armour         | 3 4 6 8 9 10 12 13 14 15 | 15.3
Dodging        | 3 4 5 6 7 8 10 11 12 13 14 | 14.2
Throwing       | 4 5 |  5.4
Evocations     | 2 5 6 8 |  8.4

Action                   |  1- 3 |  4- 6 |  7- 9 | 10-12 | 13-15 | 16-18 || total
-------------------------+-------+-------+-------+-------+-------+-------++-------
Melee: Falchion          |    74 |   115 |    74 |       |       |       ||   263
       Headbutt          |    12 |    21 |    34 |   121 |   375 |    25 ||   588
       Punch             |       |     1 |       |       |       |     1 ||     2
       Long sword        |       |       |    91 |       |       |       ||    91
       Scimitar          |       |       |    21 |    25 |     4 |     9 ||    59
       Great sword       |       |       |       |   526 |  1151 |       ||  1677
       Rapier            |       |       |       |     9 |    16 |       ||    25
       Triple sword      |       |       |       |       |   168 |   115 ||   283
Throw: Dart              |       |       |       |    13 |    35 |     9 ||    57
Invok: Berserk           |     1 |     4 |    11 |    17 |    23 |     3 ||    59
       Trog's Hand       |       |       |     2 |     6 |     9 |       ||    17
       Brothers in Arms  |       |       |       |       |     1 |       ||     1
Evoke: Wand              |       |       |     2 |     6 |    10 |       ||    18
       Phantom mirror    |       |       |       |       |     1 |       ||     1
  Use: Scroll            |       |    14 |     5 |    10 |     6 |     1 ||    36
       Potion            |       |       |       |     2 |     1 |       ||     3
 Stab: Sleeping          |     1 |       |       |       |       |       ||     1
       Paralysed         |       |       |     1 |       |       |       ||     1
       Petrified         |       |       |       |       |     5 |       ||     5
Armor: Animal skin       |     2 |       |       |       |       |       ||     2
       Leather armour    |     5 |     7 |       |       |       |       ||    12
       Scale mail        |       |    25 |    78 |   250 |   173 |       ||   526
       Plate armour      |       |       |       |       |   553 |    81 ||   634
       Chain mail        |       |       |       |       |    44 |       ||    44
Dodge: Dodged            |    49 |    57 |   116 |   416 |   854 |    85 ||  1577
Block: Other             |       |       |       |   132 |   275 |    34 ||   441
       Reflection        |       |       |       |     1 |    18 |     2 ||    21
